 Dungeon Crawl Stone Soup version 0.18.1-6-gd335043 (webtiles) character file.

95667 imganon the Executioner (level 16, -6/147 HPs)
             Began as a Hill Orc Berserker on May 15, 2016.
             Was the Champion of Trog.
             Mangled by an orc knight
             ... wielding a +0 glaive
              (23 damage)
             ... in a bailey on May 16, 2016.
             The game lasted 00:46:14 (21103 turns).

imganon the Executioner (Hill Orc Berserker)       Turns: 21103, Time: 00:46:15

Health: -6/147     AC: 24    Str: 31    XL:     16   Next: 14%
Magic:  0/6        EV:  9    Int: 10    God:    Trog [******]
Gold:   2018       SH:  0    Dex: 14    Spells: 0 memorised, 15 levels left

rFire  + . .     SeeInvis +     j - +3 executioner's axe (antimagic)
rCold  + . .     Gourm    .     Y - +0 plate armour
rNeg   . . .     Faith    .     (shield currently unavailable)
rPois  .         Spirit   +     a - +1 hat {Int+3}
rElec  .         Dismiss  .     b - +2 cloak
rCorr  .         Reflect  .     n - +0 pair of gloves
SustAt .         Harm     .     J - +0 pair of boots
MR     +....                    G - amulet "Sugio" {Spirit Dex+4 Slay+2}
Stlth  ..........               y - ring of the Last Ghosts {rC+ Str+4 SInv}
                                V - ring of protection from fire

@: lethally poisoned (-6 -> -6), somewhat resistant to hostile enchantments,
extremely unstealthy
A: no striking features
a: Berserk, Trog's Hand, Brothers in Arms, Burn Spellbooks, Renounce Religion


You were in a bailey.
You worshipped Trog.
Trog was exalted by your worship.
You were very full.

You visited 2 branches of the dungeon, and saw 21 of its levels.
You also visited: Bailey and Ice Cave.

You collected 2155 gold pieces.
You spent 137 gold pieces at shops.

Inventory:

Hand Weapons
 j - a +3 antimagic executioner's axe (weapon)
Armour
 a - a +1 hat of intelligence (worn)
 b - a +2 cloak (worn)
 n - a +0 pair of gloves (worn)
 J - a +0 pair of boots (worn)
 Y - a +0 plate armour (worn)
Rods
 I - a +3 lightning rod (11/11)
   (You found it on level 8 of the Lair of Beasts)
Jewellery
 c - a +4 ring of strength
 d - a +2 ring of slaying
 s - an uncursed amulet of dismissal {unknown}
 y - the ring of the Last Ghosts (right hand) {rC+ Str+4 SInv}
   (You found it in an ice cave)

   [ring of see invisible]

   It affects your strength (+4).
   It protects you from cold.
   It lets you see invisible.
 E - the ring "Udymomna" {rC+ Stlth+}
   (You found it on level 7 of the Dungeon)

   [ring of stealth]

   It protects you from cold.
   It makes you more stealthy.
 G - the amulet "Sugio" (around neck) {Spirit Dex+4 Slay+2}
   (You found it in an ice cave)

   [amulet of guardian spirit]

   It causes incoming damage to be split between your health and magic.
   It affects your dexterity (+4).
   It affects your accuracy and damage with ranged weapons and melee attacks
   (+2).
 P - an uncursed ring of flight {unknown}
 U - an uncursed amulet of faith {unknown}
 V - a ring of protection from fire (left hand)
Wands
 r - a wand of digging (10/24)
 v - a wand of acid (11/15)
 z - a wand of polymorph (7/24)
 H - a wand of paralysis (9/24)
 Q - a wand of lightning (5/15)
 W - a wand of disintegration (6/24)
Scrolls
 e - 2 scrolls of blinking
 f - 8 scrolls of enchant armour
 g - a scroll of holy word
 h - 8 scrolls of teleportation
 l - 3 scrolls of magic mapping
 o - 3 scrolls of fog
 u - a scroll of silence
 w - 12 scrolls of remove curse
 A - a scroll of fear
 K - a scroll of acquirement
 M - 3 scrolls of identify
 X - a scroll of recharging
Potions
 i - a potion of magic
 m - a potion of brilliance
 q - a potion of flight
 C - 2 potions of berserk rage
 D - 3 potions of might
 L - a potion of experience
 N - 5 potions of curing
 O - a potion of heal wounds
 R - 3 potions of resistance
 S - 2 potions of haste {unknown}
 T - a potion of agility
 Z - 3 potions of cure mutation
Comestibles
 k - 3 beef jerkies
 p - 8 meat rations
 t - 3 bread rations
 x - 12 royal jellies
 B - 11 fruits
 F - 3 chunks of flesh


   Skills:
 + Level 14.7 Fighting
 * Level 24.6 Axes
 + Level 14.1 Armour
 - Level 1.5 Dodging
 + Level 3.4 Evocations


You had 15 spell levels left.
You didn't know any spells.

Dungeon Overview and Level Annotations

Branches:
Dungeon (13/15)            Temple (0/1) D:7            Lair (8/8) D:11
 Shoals (0/4) Lair:6       Spider (0/4) Lair:6        Slime (0/6) Lair:7
    Orc (0/2) D:12
 Vaults: D:13-14

Altars:
Ashenzari
Cheibriados
Dithmenos
Elyvilon
Gozag
Kikubaaqudgha
Makhleb
Nemelex Xobeh
Okawaru
Qazlal
Ru
Sif Muna
Vehumet
Yredelemnul
Zin
The Shining One

Shops:
D:6 ?

Annotations:
D:13 Frances


Message History

Unknown command.
You barely miss the orc knight.
The orc knight is lightly wounded.
Unknown command.
Your stone giant goes berserk!
The orc knight hits you with a glaive.
* * * LOW HITPOINT WARNING * * *
You feel sick.
Your stone giant hits the orc knight!
The orc knight hits you from afar with a glaive!
* * * LOW HITPOINT WARNING * * *
There is an open gate, spattered with blood here.
Things that are here:
a halberd; a ring mail; an orc corpse Drink which item? (? for menu, Esc to quit)
You feel much better.
Your stone giant barely misses the orc knight.
The orc knight hits you from afar with a glaive!
* * * LOW HITPOINT WARNING * * *
The orc knight hits you from afar with a glaive!!
You die...

### ####### ##### ..##
##.....#########.....
...######.)))...#../..#.....o
...#....#.))))))))oC..'...o.o
...'....'.))).))@)o)..'.....o
...#....#..))..)')....'......
...######.......#.....#.....o
..## ##.....#########.....
### ####### #####


You could see 2 orc knights and a friendly stone giant (berserk).

Vanquished Creatures
  Kirke (Lair:6)
  The ghost of Yehuk the Warrior, a journeyman GrFi of Okawaru (Lair:7)
  The ghost of NoLuckNoSkill the Eclecticist, a journeyman DECj of Vehumet (Lair:8)
  Harold (Lair:3)
  2 ice dragons (IceCv)
  7 hydras
  6 death yaks (Lair:8)
  2 ogre magi (D:12)
  3 centaur warriors
  Erica (D:9)
  A tengu warrior (D:12)
  A queen ant (Lair:8)
  5 skeletal warriors (D:13)
  A fire crab (shapeshifter) (D:12)
  2 unseen horrors
  7 hill giants
  2 griffons
  3 orc knights
  A deep elf mage (D:12)
  An ugly thing (D:11)
  A hornet (D:12)
  3 cyclopes (D:12)
  31 elephants
  3 black mambas
  14 spiny frogs
  2 ice statues (IceCv)
  3 gargoyles
  2 rime drakes
  2 komodo dragons
  8 polar bears (Lair:8)
  5 trolls
  3 slime creatures (D:13)
  A boulder beetle (Lair:6)
  19 blink frogs
  3 raiju (Lair:8)
  A spriggan (Lair:2)
  A tarantella (Lair:6)
  A vampire (D:13)
  3 wyverns
  A human (D:12)
  2 fire bats (Lair:3)
  15 yaks
  5 basilisks
  13 hippogriffs
  A hungry ghost (D:8)
  Menkaure (D:5)
  A mottled dragon (D:13)
  21 soldier ants
  7 wargs (Lair:8)
  18 water moccasins
  5 hell hounds (Lair:8)
  11 porcupines
  14 black bears
  13 orc warriors
  20 ice beasts
  3 sky beasts
  An eye of draining (D:11)
  A phantom (D:6)
  6 necrophages
  17 wolves
  11 centaurs
  5 ogres
  21 crocodiles
  2 big kobolds (D:8)
  20 giant frogs
  A wyvern zombie (D:12)
  A gnoll sergeant (D:6)
  3 scorpions
  A wyvern skeleton (D:9)
  25 killer bees
  A vampire bat (Lair:2)
  14 wights
  3 howler monkeys (D:11)
  5 crimson imps
  2 lava snakes (Lair:7)
  2 centaur zombies
  A giant frog zombie (D:6)
  15 hounds
  4 centaur skeletons
  2 gnoll shamans (D:7)
  Crazy Yiuf (D:2)
  6 giant frog skeletons
  3 jellies
  13 orc wizards
  8 orc priests
  9 iguanas
  20 worker ants
  A killer bee zombie (D:5)
  27 sheep
  A centaur simulacrum (D:12)
  2 hound zombies
  A hound skeleton (D:6)
  A worker ant zombie (D:11)
  Robin (D:2)
  18 gnolls
  60 river rats
  10 adders
  3 shadow imps
  12 white imps (Lair:3)
  An adder zombie (D:9)
  An ooze (D:2)
  An adder skeleton (D:7)
  A worm (D:2)
  A dart slug (D:4)
  3 giant geckos
  89 orcs
  23 bats
  3 giant cockroaches
  22 goblins
  11 hobgoblins
  17 jackals
  10 kobolds
  2 quokkas (D:11)
  6 ball pythons
  4 giant newts
  A jackal skeleton (D:5)
  A quokka skeleton (D:4)
  A quokka zombie (D:8)
  14 rats
  A rat zombie (D:6)
  A bush (Lair:7)
  15 fungi
  11 plants
907 creatures vanquished.

Vanquished Creatures (others)
  30 fungi
  17 plants
47 creatures vanquished.

Grand Total: 954 creatures vanquished

Notes
Turn   | Place    | Note
--------------------------------------------------------------
     0 | D:1      | imganon the Hill Orc Berserker began the quest for the Orb.
     0 | D:1      | Reached XP level 1. HP: 19/19 MP: 1/1
    84 | D:1      | Reached XP level 2. HP: 17/26 MP: 2/2
   128 | D:1      | Reached skill level 5 in Axes
   542 | D:1      | Reached XP level 3. HP: 29/31 MP: 3/3
   734 | D:1      | Reached ** piety under Trog
  1116 | D:2      | Found a stormy altar of Qazlal.
  1125 | D:2      | Found a shadowy altar of Dithmenos.
  1129 | D:2      | Found a shattered altar of Ashenzari.
  1213 | D:2      | Reached skill level 6 in Axes
  1214 | D:2      | Found a sparkling altar of Nemelex Xobeh.
  1326 | D:2      | Noticed Crazy Yiuf
  1334 | D:2      | Killed Crazy Yiuf
  1334 | D:2      | Reached XP level 4. HP: 15/39 MP: 0/4
  1542 | D:2      | Noticed Robin
  1550 | D:2      | Killed Robin
  1550 | D:2      | Reached skill level 7 in Axes
  1795 | D:3      | Reached XP level 5. HP: 44/45 MP: 5/5
  1797 | D:3      | Reached *** piety under Trog
  2221 | D:3      | Found a snail-covered altar of Cheibriados.
  2373 | D:4      | Reached skill level 8 in Axes
  2418 | D:4      | Reached XP level 6. HP: 15/51 MP: 6/6
  2770 | D:4      | Reached skill level 9 in Axes
  2924 | D:4      | Found a glowing silver altar of Zin.
  2987 | D:4      | Found a deep blue altar of Sif Muna.
  3067 | D:5      | Entered Level 5 of the Dungeon
  3101 | D:5      | Found a white marble altar of Elyvilon.
  3234 | D:5      | Reached **** piety under Trog
  3274 | D:5      | Reached skill level 10 in Axes
  3274 | D:5      | Reached XP level 7. HP: 57/57 MP: 7/7
  3632 | D:5      | Received a gift from Trog
  3633 | D:5      | Reached skill level 11 in Axes
  3657 | D:5      | Noticed Menkaure
  3672 | D:5      | Killed Menkaure
  3806 | D:5      | Reached XP level 8. HP: 64/64 MP: 8/8
  3869 | D:5      | Reached skill level 12 in Axes
  4150 | D:6      | Found Liedi's Magic Scroll Shoppe.
  4167 | D:6      | Bought a scroll of enchant armour for 82 gold pieces
  4167 | D:6      | Bought a scroll of remove curse for 33 gold pieces
  4167 | D:6      | Bought a scroll of identify for 22 gold pieces
  4187 | D:6      | Reached skill level 13 in Axes
  4511 | D:6      | Found a radiant altar of Vehumet.
  4666 | D:6      | Reached skill level 14 in Axes
  4746 | D:6      | Reached XP level 9. HP: 64/70 MP: 9/9
  4766 | D:6      | Reached ***** piety under Trog
  4846 | D:6      | Found an ancient bone altar of Kikubaaqudgha.
  4923 | D:7      | Found a white marble altar of Elyvilon.
  5008 | D:7      | Found a sacrificial altar of Ru.
  5060 | D:7      | Reached skill level 5 in Fighting
  5144 | D:7      | Got a wavering bronze ring
  5320 | D:7      | Found a basalt altar of Yredelemnul.
  5460 | D:7      | Found a staircase to the Ecumenical Temple.
  5488 | D:7      | Found an iron altar of Okawaru.
  5518 | D:7      | Reached skill level 5 in Armour
  5816 | D:8      | Found a glowing golden altar of the Shining One.
  6327 | D:8      | Killed an unseen horror
  6327 | D:8      | Reached XP level 10. HP: 69/90 MP: 10/10
  6612 | D:8      | Received a gift from Trog
  6616 | D:8      | Got a transparent great mace {god gift}
  6618 | D:8      | Identified the ring "Udymomna" {rC+ Stlth+} (You found it on level 7 of the Dungeon)
  6810 | D:8      | Identified the +3 great mace of Immorality {vamp, Str+3 Int+6} (Trog gifted it to you on level 8 of the Dungeon)
  6879 | D:9      | Found a burning altar of Makhleb.
  6910 | D:9      | Found an opulent altar of Gozag.
  7180 | D:9      | Noticed Erica
  7204 | D:9      | Killed Erica
  7569 | D:10     | Entered Level 10 of the Dungeon
  7569 | D:10     | Noticed a gargoyle
  7580 | D:10     | Killed a gargoyle
  7588 | D:10     | Reached skill level 10 in Fighting
  8096 | D:10     | Killed an unseen horror
  8096 | D:10     | Reached XP level 11. HP: 44/101 MP: 11/11
  8544 | D:10     | Reached skill level 15 in Axes
  8853 | D:11     | Reached skill level 10 in Armour
  8946 | D:11     | Noticed a purple ugly thing
  8955 | D:11     | Killed a purple ugly thing
  9177 | D:11     | Reached skill level 16 in Axes
  9323 | D:11     | Noticed a hill giant
  9328 | D:11     | Found a staircase to the Lair.
  9686 | D:11     | Killed a hill giant
  9998 | D:11     | Identified 2 scrolls of acquirement
 10022 | D:11     | Reached skill level 19 in Axes
 10022 | D:11     | Reached XP level 12. HP: 107/107 MP: 12/12
 10058 | Lair:1   | Entered Level 1 of the Lair of Beasts
 10201 | Lair:1   | Noticed a four-headed hydra
 10209 | Lair:1   | Killed a nine-headed hydra
 10570 | Lair:1   | Reached ****** piety under Trog
 11504 | Lair:2   | Reached skill level 20 in Axes
 11518 | Lair:2   | Noticed a seven-headed hydra
 11526 | Lair:2   | Killed an 11-headed hydra
 11526 | Lair:2   | Reached XP level 13. HP: 114/114 MP: 13/13
 11816 | Lair:3   | Received a gift from Trog
 11969 | Lair:3   | Noticed Harold
 11979 | Lair:3   | Killed Harold
 12105 | Lair:3   | Reached skill level 21 in Axes
 12133 | Lair:3   | Found a frozen archway.
 12160 | IceCv    | Entered an ice cave
 12634 | IceCv    | Noticed an ice dragon
 12643 | IceCv    | Killed an ice dragon
 12645 | IceCv    | Noticed an ice dragon
 12653 | IceCv    | Killed an ice dragon
 12721 | IceCv    | Got a coiled iron ring
 12729 | IceCv    | Got a serpentine brass amulet
 12745 | IceCv    | Identified the ring of the Last Ghosts {rC+ Str+4 SInv} (You found it in an ice cave)
 12746 | IceCv    | Identified the amulet "Sugio" {Spirit Dex+4 Slay+2} (You found it in an ice cave)
 13194 | Lair:3   | Received a gift from Trog
 13486 | Lair:4   | Reached skill level 22 in Axes
 13807 | Lair:4   | Reached XP level 14. HP: 118/124 MP: 14/14
 15135 | Lair:6   | Received a gift from Trog
 15590 | Lair:6   | Found a staircase to the Shoals.
 15630 | Lair:6   | Noticed Kirke
 15645 | Lair:6   | Killed Kirke
 15645 | Lair:6   | Reached skill level 23 in Axes
 15659 | Lair:6   | Found a hole to the Spider Nest.
 16023 | Lair:7   | Found a staircase to the Slime Pits.
 16293 | Lair:7   | Noticed Yehuk's ghost (journeyman GrFi)
 16306 | Lair:7   | Killed Yehuk's ghost
 16915 | Lair:8   | Entered Level 8 of the Lair of Beasts
 16948 | Lair:8   | Received a gift from Trog
 17054 | Lair:8   | Reached XP level 15. HP: 135/135 MP: 5/15
 17105 | Lair:8   | Noticed NoLuckNoSkill's ghost (journeyman DECj)
 17110 | Lair:8   | Killed NoLuckNoSkill's ghost
 18036 | Lair:8   | Received a gift from Trog
 18891 | Lair:8   | Reached skill level 24 in Axes
 19367 | D:12     | Reached skill level 1 in Evocations
 19759 | D:12     | Found a staircase to the Orcish Mines.
 19791 | D:12     | Received a gift from Trog
 20364 | D:13     | Reached XP level 16. HP: 82/147 MP: 4/18
 20509 | D:13     | Noticed Frances
 20713 | D:13     | Found a flagged portal.
 20741 | Bailey   | Entered a bailey
 20882 | Bailey   | Received a gift from Trog
 21103 | Bailey   | Mangled by an orc knight

Skill      XL: |  1  2  3  4  5  6  7  8  9 10 11 12 13 14 15 |
---------------+----------------------------------------------+-----
Axes           | 5 6 7 8 10 11 14 19 20 22 23 24 | 24.6
Fighting       | 8 10 11 13 14 | 14.7
Armour         | 7 9 10 12 14 | 14.1
Evocations     | 3 |  3.4
Dodging        | |  1.5

Action                   |  1- 3 |  4- 6 |  7- 9 | 10-12 | 13-15 | 16-18 || total
-------------------------+-------+-------+-------+-------+-------+-------++-------
Melee: Hand axe          |    83 |    97 |   123 |   170 |       |       ||   473
       War axe           |       |    79 |   226 |   116 |       |       ||   421
       Battleaxe         |       |       |       |   236 |   629 |       ||   865
       Executioner's axe |       |       |       |       |   434 |   103 ||   537
Invok: Berserk           |     2 |     3 |     7 |    10 |    10 |       ||    32
       Trog's Hand       |       |       |     1 |       |     2 |       ||     3
       Burn Spellbooks   |       |       |       |     1 |     1 |       ||     2
       Brothers in Arms  |       |       |       |       |       |     1 ||     1
Evoke: Wand              |       |       |       |     4 |     3 |       ||     7
  Use: Potion            |       |       |     2 |     1 |     6 |     1 ||    10
       Scroll            |       |       |       |    23 |     5 |       ||    28
  Eat: Chunk             |     2 |     5 |    19 |    14 |    30 |       ||    70
       Bread ration      |       |     1 |       |     1 |     1 |       ||     3
       Beef jerky        |       |     1 |       |     1 |       |       ||     2
       Fruit             |       |       |       |     4 |     7 |       ||    11
       Pizza             |       |       |       |     2 |       |     7 ||     9
Armor: Animal skin       |    14 |    10 |       |       |       |       ||    24
       Ring mail         |       |    33 |       |       |       |       ||    33
       Chain mail        |       |    34 |   179 |   188 |       |       ||   401
       Plate armour      |       |       |       |    95 |   600 |    96 ||   791
Dodge: Dodged            |    51 |    71 |   125 |   207 |   341 |    77 ||   872
